 Dungeon Crawl Stone Soup version 0.30.1-3-gfc49f6343a (webtiles) character file.

Game seed: 11250746919341397496

119 shmup the Firebug (level 5, -1/28 HPs)
             Began as a Tengu Fire Elementalist on Aug 4, 2023.
             Slain by Ijyb
             ... wielding a +0 dagger of flaming
              (3 damage)
             ... on level 3 of the Dungeon.
             The game lasted 00:05:22 (2747 turns).

shmup the Firebug (Tengu Fire Elementalist)         Turns: 2747, Time: 00:05:22

Health: -1/28      AC:  2    Str:  9    XL:     5   Next: 3%
Magic:  3/9        EV: 14    Int: 17    God:
Gold:   79         SH:  0    Dex: 14    Spells: 5/8 levels left

rFire   . . .        k - staff of conjuration
rCold   . . .        (no shield)
rNeg    . . .        a - +0 robe
rPois   .            (helmet restricted)
rElec   .            (no cloak)
rCorr   .            (no gloves)
SInv    .            (boots unavailable)
Will    .....        (no amulet)
Stlth   +            (no ring)
HPRegen 0.24/turn    (no ring)
MPRegen 0.11/turn

%: no passive effects
@: confused, flying quickly and evasively, quick
A: beak, talons 3, nimble flight
a: no special abilities


You were on level 3 of the Dungeon.
You visited 1 branch of the dungeon, and saw 3 of its levels.

You collected 79 gold pieces.

Inventory:

Hand Weapons
 h - a +0 dagger
 l - a +0 spear
 u - a +1 dagger of venom
Missiles
 o - 19 stones (quivered)
 p - 3 boomerangs
Armour
 a - a +0 robe (worn)
Magical Staves
 g - a staff of air
 k - a staff of conjuration (weapon)
Scrolls
 c - 3 scrolls of fog {unknown}
 d - a scroll of magic mapping {unknown}
 i - a scroll of poison {unknown}
 j - a scroll of identify
 n - a scroll of teleportation {unknown}
 s - 2 scrolls of enchant armour {unknown}
 t - a scroll of noise {unknown}
Potions
 b - a potion of magic
 e - 2 potions of degeneration {unknown}
 f - 4 potions of curing
 m - a potion of haste
 q - a potion of mutation {unknown}
 r - 2 potions of attraction {unknown}


   Skills:
 - Level 2.1 Dodging
 - Level 2.0 Stealth
 - Level 2.0 Spellcasting
 + Level 3.6 Conjurations
 * Level 5.3 Fire Magic


You had 5 spell levels left.
You knew the following spells:

 Your Spells              Type           Power      Damage    Failure   Level
a - Foxfire               Conj/Fire      100%       2x1d9     3%          1
b - Scorch                Fire           38%        2d6       3%          2

Your spell library contained the following spells:

 Spells                   Type           Power      Damage    Failure   Level
 Inner Flame              Hex/Fire       10%        N/A       19%         3
 Volatile Blastmotes      Fire/Tloc      20%        2d11      19%         3
 Flame Wave               Conj/Fire      25%        2d8       30%         4
 Summon Cactus Giant      Summ           0%         N/A       100%        6


Dungeon Overview and Level Annotations

Branches:
Dungeon (3/15) Zot: 15276

Altars:

Annotations:
D:2 exclusion: downstairs
D:3 Ijyb, Sigmund


Innate Abilities, Weirdness & Mutations

You have a beak for a mouth.
You have claws for feet.
Your magical nature lets you fly swiftly and evasively.


Message History

Your magical contamination has completely faded away.
You closely miss Ijyb. You peck Ijyb, but do no damage.
Ijyb is heavily wounded.
Ijyb barely misses you. Ijyb closely misses you. Ijyb attacks as you move away!
Ijyb hits you with a +0 dagger of flaming.
* * * LOW HITPOINT WARNING * * *
Ijyb burns you.
* * * LOW HITPOINT WARNING * * *
Ijyb zaps a wand.
Your will is overpowered!
You are more confused.
The now-empty wand crumbles to dust.
Ijyb hits you with a +0 dagger of flaming.
* * * LOW HITPOINT WARNING * * *
Ijyb burns you.
* * * LOW HITPOINT WARNING * * *
Ijyb barely misses you.
You bump into the rock wall.
Ijyb barely misses you.
You bump into the rock wall.
Ijyb barely misses you. Ijyb closely misses you.
You hit Ijyb but do no damage. Your kick misses Ijyb.
Ijyb is heavily wounded.
Ijyb hits you with a +0 dagger of flaming.
* * * LOW HITPOINT WARNING * * *
Ijyb burns you.
* * * LOW HITPOINT WARNING * * *
You closely miss Ijyb. Your kick misses Ijyb.
Ijyb is heavily wounded.
Ijyb hits you with a +0 dagger of flaming.
* * * LOW HITPOINT WARNING * * *
Ijyb burns you.
* * * LOW HITPOINT WARNING * * *
Ijyb closely misses you.
You're too confused to move!
Ijyb hits you with a +0 dagger of flaming.
* * * LOW HITPOINT WARNING * * *
Ijyb burns you.
* * * LOW HITPOINT WARNING * * *
Ijyb barely misses you.
Ijyb hits you with a +0 dagger of flaming.
You die...

▒>▒ ▒▒..▒▒.▒▒..▒▒▒▒▒▒▒▒.......
▒.▒ ▒..▒▒▒....▒.........^.....
▒.▒ ▒▒.▒.........▒.............
▒.▒▒▒..▒.▒.........▒▒▒▒........
▒.▒▒.........▒▒...▒▒ ▒........
▒....▒.▒▒...▒▒..▒▒▒▒▒▒▒........
▒..▒........▒▒.................
▒▒.....▒...▒▒▒.g.▒▒▒▒▒▒▒▒.......
▒▒..▒▒▒▒..▒.▒▒..Q▒▒ ▒▒.....▒
...<▒ ▒.........▒ ▒▒▒▒▒▒▒ ....▒
▒.▒▒.▒▒.▒▒▒ )...▒ ▒▒▒▒.▒▒.▒
▒▒..▒ ▒.▒.. ▒...▒▒▒ ..▒.▒
......▒ .▒▒. ......▒ .. ......▒
..


You could see Ijyb (fast).

Vanquished Creatures
  A gnoll (D:1)
  5 adders
  4 worms
  A dart slug (D:1)
  4 ball pythons
  5 bats
  3 endoplasms
  7 giant cockroaches
  6 goblins
  3 hobgoblins
  4 kobolds
  2 quokkas (D:3)
  A frilled lizard (D:1)
  6 rats
52 creatures vanquished.

Vanquished Creatures (others)
  113 foxfires
113 creatures vanquished.

Grand Total: 165 creatures vanquished

Notes
Turn   | Place    | Note
-------+----------+-------------------------------------------
     0 | D:1      | shmup the Tengu Fire Elementalist began the quest for the
                  | Orb.
     0 | D:1      | Reached XP level 1. HP: 10/10 MP: 4/4
   136 | D:1      | Reached XP level 2. HP: 14/15 MP: 0/6
   278 | D:1      | Learned a level 2 spell: Scorch
   292 | D:1      | Reached skill level 4 in Fire Magic
   534 | D:1      | Reached XP level 3. HP: 11/19 MP: 3/7
  1056 | D:2      | Reached XP level 4. HP: 24/24 MP: 4/8
  1551 | D:2      | Reached skill level 5 in Fire Magic
  2300 | D:3      | Gained mutation: Your magical nature lets you fly swiftly
                  | and evasively. [Tengu growth]
  2300 | D:3      | Reached XP level 5. HP: 28/28 MP: 3/9
  2464 | D:3      | Noticed Sigmund
  2465 | D:3      | Noticed Ijyb
  2747 | D:3      | Slain by Ijyb

Illustrated notes

Levels and vault maps discovered:
D:1:      amcnicky_arrival_blooded_trapdoor, layout_rooms,
          minmay_worlds_worst_comb
D:2:      layout_loops_corners
D:3:      layout_rooms, uniq_sigmund, uniq_ijyb

Skill      XL: |  1  2  3  4 |
---------------+-------------+-----
Conjurations   | 2 3 |  3.6
Fire Magic     | 4 5 |  5.3
Dodging        | |  2.1
Stealth        | |  2.0
Spellcasting   | |  2.0

Action                     |  1- 3 |  4- 6 || total
---------------------------+-------+-------++-------
  Melee: Peck              |     2 |     2 ||     4
         Unarmed           |     1 |       ||     1
         Staff             |    10 |    11 ||    21
         Kick              |     2 |     1 ||     3
   Cast: Foxfire           |    37 |    24 ||    61
         Scorch            |     3 |    16 ||    19
    Use: Scroll            |     1 |       ||     1
 Armour: Robe              |    12 |     4 ||    16
  Dodge: Dodged            |    24 |    28 ||    52
